 Dungeon Crawl Stone Soup version 0.29.1-1-gd02db6906a (webtiles) character file.

Game seed: 4405914934177959848

87 Zeld the Shooter (level 4, 28/28 HPs)
             Began as a Gargoyle Hunter on Oct 7, 2022.
             Quit the game on level 2 of the Dungeon.
             The game lasted 00:02:42 (1683 turns).

Zeld the Shooter (Gargoyle Hunter)                  Turns: 1683, Time: 00:02:43

Health: 28/28      AC:  6    Str: 17    XL:     4   Next: 51%
Magic:  4/4        EV: 12    Int:  9    God:
Gold:   3          SH:  0    Dex: 13    Spells: 3/3 levels left

rFire   . . .      SeeInvis .   a - +0 shortbow
rCold   . . .      Faith    .   (shield currently unavailable)
rNeg    + . .      Spirit   +   c - +0 leather armour
rPois   ∞          Reflect  .   (no helmet)
rElec   +          Harm     .   (no cloak)
rCorr   .          Rampage  .   (no gloves)
Will    .....                   (no boots)
Stlth   ++........              i - amulet of guardian spirit
HPRegen 0.09/turn               (no ring)
MPRegen 0.09/turn               (no ring)

@: no status effects
A: sickness immunity, AC +3, negative energy resistance 1, electricity
resistance, torment resistance 1, petrification resistance
a: no special abilities


You were on level 2 of the Dungeon.
You visited 1 branch of the dungeon, and saw 2 of its levels.

You collected 29 gold pieces.
You spent 26 gold pieces at shops.

Inventory:

Hand Weapons
 a - a +0 shortbow (weapon)
Armour
 c - a +0 leather armour (worn)
Jewellery
 i - an amulet of guardian spirit (around neck)
Scrolls
 b - a scroll of immolation
 d - a scroll of enchant armour {unknown}
 e - a scroll of noise {unknown}
 g - a scroll of teleportation {unknown}
 j - a scroll of amnesia {unknown}
 k - a scroll of identify
Potions
 f - a potion of mutation {unknown}
 h - a potion of berserk rage {unknown}


   Skills:
 + Level 3.0 Fighting
 * Level 4.6 Ranged Weapons
 + Level 2.2 Dodging
 + Level 2.3 Stealth


You had 3 spell levels left.
You didn't know any spells.
Your spell library contained the following spells:

 Spells                   Type           Power      Damage    Failure   Level
 Magic Dart               Conj           0%         1d3       45%         1
 Call Imp                 Summ           0%         N/A       58%         2
 Mephitic Cloud           Conj/Pois/Air  0%         N/A       83%         3


Dungeon Overview and Level Annotations

Branches:
Dungeon (2/15)

Altars:

Shops:
D:1 =*   D:2 ?


Innate Abilities, Weirdness & Mutations

You are immune to sickness and miasma.
Your stone body is resilient. (AC +3)
You are immune to poison.
You resist negative energy. (rN+)
You are resistant to electric shocks. (rElec)
You are resistant to unholy torment.
You are immune to petrification.


Message History

Terence is severely wounded.
Terence closely misses you.
You shoot an arrow.
The arrow hits Terence but does no damage.
Terence is severely wounded.
Terence completely misses you. Terence hits you with a +0 flail.
You shoot an arrow. The arrow completely misses Terence.
Terence misses you.
You shoot an arrow. The arrow closely misses Terence.
Terence hits you with a +0 flail.
You shoot an arrow. The arrow closely misses Terence.
Terence hits you but does no damage. Terence hits you with a +0 flail.
You shoot an arrow.
The arrow hits Terence but does no damage.
Terence is severely wounded.
Terence hits you but does no damage.
You shoot an arrow. The arrow hits Terence.
Terence is almost dead.
Terence hits you with a +0 flail.
You shoot an arrow. The arrow hits Terence.
Terence is almost dead.
Terence closely misses you. x2
You shoot an arrow. The arrow barely misses Terence.
Terence shouts, "Get ready for death!"
Terence misses you.
You shoot an arrow.
The arrow hits Terence but does no damage.
Terence is almost dead.
Terence hits you but does no damage.
You shoot an arrow. The arrow hits Terence.
You kill Terence!
Your Fighting skill increases to level 3!
No target in view!
Things that are here:
a +0 flail; a +0 scale mail; the human corpse of Terence No target in view!
There is an open door here.
You pick up a book of Minor Magic and begin reading...
You add the spells Magic Dart, Call Imp and Mephitic Cloud to your library.
Okay, then.
Are you sure you want to abandon this character and quit the game? (Confirm with "yes".)

########## .........#
.#######.# .......#.# .
.#####.#.# #######.. ##
#.#.# #........ #.#.#
#........
######.#.#######........
#..........[.).'@.......
.......#.#######........
....####.# #........
.##.# #.# #........
.##+####.# ###......
.........# ...$..
.†.......# .....#
.........# .....#
........##


There were no monsters in sight!

Vanquished Creatures
  Terence (D:2)
  An adder (D:2)
  2 dart slugs (D:1)
  An orc (D:2)
  4 ball pythons
  3 endoplasms (D:1)
  3 giant cockroaches (D:1)
  8 goblins
  5 hobgoblins
  4 kobolds (D:1)
  3 quokkas (D:2)
  6 bats
  2 frilled lizards (D:1)
  A rat (D:1)
44 creatures vanquished.

Notes
Turn   | Place    | Note
-------+----------+-------------------------------------------
     0 | D:1      | Zeld the Gargoyle Hunter began the quest for the Orb.
     0 | D:1      | Reached XP level 1. HP: 12/12 MP: 1/1
    58 | D:1      | Found Jaix's General Store.
   404 | D:1      | Reached XP level 2. HP: 11/18 MP: 2/2
   692 | D:1      | Found Voinepsiaz's Jewellery Shoppe.
   697 | D:1      | Reached XP level 3. HP: 22/22 MP: 3/3
  1339 | D:2      | Reached XP level 4. HP: 27/27 MP: 4/4
  1392 | D:2      | Found Vynweiff's Magic Scroll Emporium.
  1400 | D:2      | Bought a scroll of identify for 26 gold pieces
  1513 | D:2      | Noticed Terence
  1535 | D:2      | Killed Terence
  1683 | D:2      | Quit the game

Illustrated notes

Levels and vault maps discovered:
D:1:      scummos_arrival_simple_fountains, layout_basic, serial_shops,
          shop_fountains, shop, ebering_dispersal_statue_hall,
          hangedman_decor_points, minmay_worlds_worst_comb
D:2:      layout_basic, serial_shops, shop, basic_ecumenical_altar, uniq_terence

Skill      XL: |  1  2  3  4 |
---------------+-------------+-----
Dodging        | 2 |  2.2
Stealth        | 2 |  2.3
Fighting       | 3 |  3.0
Ranged Weapons | |  4.6

Action                   |  1- 3 |  4- 6 || total
-------------------------+-------+-------++-------
 Fire: Shortbow          |    96 |    30 ||   126
Armor: Leather armour    |    17 |     4 ||    21
Dodge: Dodged            |    29 |    14 ||    43
